 Dungeon Crawl Stone Soup version 0.19-a0-1815-g4007336 (webtiles) character file.

959 JeffiDaFish the Covert (level 7, -7/50 HPs)
             Began as a Vampire Enchanter on Oct 5, 2016.
             Was an Initiate of Dithmenos.
             Mangled by Edmund
             ... wielding a +3 dire flail of holy wrath
              (12 damage)
             ... on level 5 of the Dungeon.
             The game lasted 00:22:50 (5846 turns).

JeffiDaFish the Covert (Vampire Enchanter)          Turns: 5846, Time: 00:22:51

Health: -7/50      AC:  4    Str: 11 (13) XL:     7   Next: 91%
Magic:  5/12       EV: 14    Int: 16 (19) God:    Dithmenos [......]
Gold:   198        SH:  0    Dex: 14 (15) Spells: 3 memorised, 7 levels left

rFire  . . .     SeeInvis +     r - +6 short sword "Ulaereil" {pierce, +Blink Str+4 Int+2 SInv}
rCold  . . .     Gourm    .     b - +2 robe
rNeg   + . .     Faith    .     (no shield)
rPois  .         Spirit   .     (no helmet)
rElec  .         Dismiss  .     (no cloak)
rCorr  +         Reflect  .     (no gloves)
MR     .....     Harm     .     (no boots)
Stlth  ++++......               (no amulet)
                                (no ring)
                                e - ring of resist corrosion

@: no status effects
A: fangs 3, see invisible, unbreathing
a: Bat Form, Renounce Religion, Evoke Blink


You were on level 5 of the Dungeon.
You worshipped Dithmenos.
Dithmenos was noncommittal.
You were not thirsty.

You visited 2 branches of the dungeon, and saw 6 of its levels.

You collected 198 gold pieces.

Inventory:

Hand Weapons
 a - a +1 dagger
 g - a +0 dagger of venom
 r - the +6 short sword "Ulaereil" (weapon) {pierce, +Blink Str+4 Int+2 SInv}
   (You found it on level 5 of the Dungeon)

   It inflicts extra damage upon your enemies.
   It affects your strength (+4).
   It affects your intelligence (+2).
   It lets you see invisible.
   It lets you blink.
Missiles
 i - 2 curare-tipped needles
Armour
 b - a +2 robe (worn)
 q - a +2 robe of positive energy
Magical Staves
 k - an uncursed staff of death
Jewellery
 e - a ring of resist corrosion (left hand)
Wands
 p - a wand of lightning (5/15)
Scrolls
 f - 4 scrolls of identify
 h - a scroll of teleportation
 m - 2 scrolls of remove curse
Potions
 d - 4 potions of blood
 j - a potion of curing
 l - a potion of cure mutation
 n - 2 potions of might
 o - a potion of brilliance
Books
 c - a book of Maledictions

   Spells                             Type                      Level
   a - Corona                         Hexes                        1
   b - Ensorcelled Hibernation        Hexes/Ice                    2
   c - Confuse                        Hexes                        3
   d - Tukima's Dance                 Hexes                        3
   e - Dazzling Spray                 Conjuration/Hexes            3


   Skills:
 + Level 2.0 Fighting
 + Level 3.5 Short Blades
 + Level 4.0 Dodging
 + Level 9.2 Stealth
 + Level 3.7 Spellcasting
 + Level 6.1 Hexes
 + Level 2.4 Ice Magic


You had 7 spell levels left.
You knew the following spells:

 Your Spells              Type           Power        Failure   Level  Hunger
a - Corona                Hex            ###....      1%          1    None
b - Ensorcelled Hibernat  Hex/Ice        ###...       6%          2    ##.....
c - Confuse               Hex            ###.....     4%          3    ###....


Dungeon Overview and Level Annotations

Branches:
Dungeon (5/15)             Temple (1/1) D:5

Altars:
Cheibriados
Dithmenos
Elyvilon
Hepliaklqana
Kikubaaqudgha
Makhleb
Nemelex Xobeh
Xom
Yredelemnul
Zin

Annotations:
D:5 Edmund


Innate Abilities, Weirdness & Mutations

You have razor-sharp teeth.
You have supernaturally acute eyesight. (SInv)
You can survive without breathing.


Message History

Aim: Edmund, wielding a dire flail of holy wrath and wearing a scale mail (chance to defeat MR: 47%) Edmund resists with some effort.
Edmund hits you but does no damage.
Casting: Ensorcelled Hibernation
Confirm with . or Enter, or press ? or * to list all spells.
Aiming: Ensorcelled Hibernation
Press: ? - help, Shift-Dir - straight line, f/p - Edmund
Aim: Edmund, wielding a dire flail of holy wrath and wearing a scale mail (chance to defeat MR: 47%) Edmund looks drowsy...
The helpless Edmund fails to defend himself.
You impale Edmund!!
Edmund is severely wounded.
Edmund hits you with a dire flail of holy wrath!
You convulse!
* * * LOW HITPOINT WARNING * * *
You hit Edmund but do no damage.
Edmund is severely wounded.
Edmund hits you with a dire flail of holy wrath!
* * * LOW HITPOINT WARNING * * *
You convulse!
You die...

#.......##<#
#.......##Z# *****
#######.##.# ,,,,*
*,,,,*#.##@# ,,,,*
*,,,,*#.##.# ,,,,*
*,,,,*#.##.#
,,,,*****,,,,*#..#.#
,,,,+,,,,,,,,*##.#.#
,,,,*****,,,,* #@@.#
,,,,*
*,,,,*###..####
,,,,*
*,****#.......#
**+**** *,*
#...>...# *,,,,* *,*
#.......#######
*,,,,***,*
#...?.....)...#*
*,,,,,,*,*
#........####..#
******,*,*
#..............#
*,*,*
#.......#.#.#..#


You could see Edmund.

Vanquished Creatures
  A hippogriff (D:4)
  Eustachio (D:5)
  A phantom (D:4)
  A centaur (D:5)
  2 crimson imps (D:5)
  A bullfrog zombie (D:5)
  2 hounds (D:4)
  A centaur skeleton (D:4)
  An orc wizard (D:4)
  3 worker ants (D:4)
  A hound skeleton (D:4)
  4 gnolls (D:4)
  5 adders
  A shadow imp (D:5)
  2 oozes
  3 worms
  A dart slug (D:1)
  2 leopard geckos
  9 orcs
  6 giant cockroaches
  4 goblins
  7 hobgoblins
  2 quokkas
  7 bats
  7 frilled lizards
  A giant cockroach zombie (D:5)
  6 kobolds
  2 leopard gecko skeletons (D:4)
  4 rats (D:1)
88 creatures vanquished.

Notes
Turn   | Place    | Note
-------+----------+-------------------------------------------
     0 | D:1      | JeffiDaFish the Vampire Enchanter began the quest for the Orb.
     0 | D:1      | Reached XP level 1. HP: 13/13 MP: 3/3
   154 | D:1      | Reached XP level 2. HP: 11/19 MP: 5/5
   638 | D:1      | Reached skill level 5 in Hexes
  1272 | D:1      | Reached XP level 3. HP: 24/24 MP: 6/6
  1418 | D:2      | Reached skill level 5 in Stealth
  1559 | D:2      | Learned a level 2 spell: Ensorcelled Hibernation
  2047 | D:3      | Found a snail-covered altar of Cheibriados.
  2115 | D:3      | Learned a level 3 spell: Confuse
  2134 | D:3      | Reached XP level 4. HP: 24/31 MP: 7/7
  2782 | D:3      | Reached skill level 1 in Fighting
  2841 | D:3      | Reached skill level 6 in Stealth
  3180 | D:4      | Reached XP level 5. HP: 19/37 MP: 1/8
  3346 | D:4      | Reached skill level 1 in Ice Magic
  3878 | D:4      | Reached XP level 6. HP: 11/43 MP: 0/9
  4109 | D:4      | Noticed a hippogriff
  4121 | D:4      | Killed a hippogriff
  4121 | D:4      | Reached skill level 7 in Stealth
  4459 | D:4      | Reached XP level 7. HP: 48/48 MP: 5/11
  4848 | D:5      | Entered Level 5 of the Dungeon
  4976 | D:5      | Reached skill level 8 in Stealth
  5245 | D:5      | Found a staircase to the Ecumenical Temple.
  5264 | Temple   | Entered the Ecumenical Temple
  5281 | Temple   | Became a worshipper of Dithmenos the Shadowed
  5308 | D:5      | Noticed Eustachio
  5311 | D:5      | Noticed Edmund
  5316 | D:5      | Killed Eustachio
  5316 | D:5      | Reached skill level 9 in Stealth
  5765 | D:5      | Got a crystal short sword
  5766 | D:5      | Identified the +6 short sword "Ulaereil" {pierce, +Blink Str+4 Int+2 SInv} (You found it on level 5 of the Dungeon)
  5846 | D:5      | Mangled by Edmund

Vault maps used:
D:1:      tarquinn_simple_flora_water_a, serial_bayou_lagoon_b
D:2:      minmay_misc_feat_columns
D:3:      cheibriados_altar_1
D:4:      first_bread
D:5:      serial_glass, glass_columns_b, glass_columns_c, uniq_edmund,
          uniq_eustachio
Temple:   nicolae_temple_x_marks_the_god

Skill      XL: |  1  2  3  4  5  6  7 |
---------------+----------------------+-----
Hexes          | 5 6 |  6.1
Stealth        | 5 6 7 9 |  9.2
Dodging        | 3 4 |  4.0
Fighting       | 1 2 |  2.0
Short Blades   | 2 3 |  3.5
Ice Magic      | 1 2 |  2.4
Spellcasting   | 3 |  3.7

Action                   |  1- 3 |  4- 6 |  7- 9 || total
-------------------------+-------+-------+-------++-------
Melee: Dagger            |   140 |   126 |    41 ||   307
       Bite              |    14 |    10 |     2 ||    26
       Short sword       |       |       |     5 ||     5
 Cast: Ensorcelled Hiber |     1 |    15 |     9 ||    25
       Confuse           |       |     4 |     3 ||     7
 Abil: End Transformatio |       |     1 |     1 ||     2
       Bat Form          |       |     1 |     1 ||     2
  Use: Scroll            |     7 |     4 |     3 ||    14
       Potion            |     8 |    10 |     8 ||    26
 Stab: Sleeping          |    15 |    15 |     8 ||    38
       Confused          |       |     2 |     2 ||     4
       Distracted        |       |       |     1 ||     1
Armor: Robe              |    30 |    14 |     3 ||    47
Dodge: Dodged            |    79 |    54 |    29 ||   162
